 Dungeon Sprint DCSS version 0.17.2-1-ge4368a0 (webtiles) character file.

3075 mopl the Unseen (level 9, -47/72 HPs)
             Began as a Spriggan Assassin on Aug 22, 2016.
             Was an Elder of Trog.
             Killed from afar by Sigmund (51 damage)
             ... with a bolt of fire
             ... in the Dungeon (Sprint III: "The Ten Rune Challenge").
             The game lasted 00:02:29 (1451 turns).

mopl the Unseen (Spriggan Assassin)                 Turns: 1451, Time: 00:02:30

Health: -47/72     AC:  3    Str: 12    XL:     9   Next: 58%
Magic:  10/10      EV: 17    Int: 13    God:    Trog [****..]
Gold:   38         SH:  0    Dex: 20    Spells: 0 memorised, 8 levels left

rFire  . . .     SeeInvis +     a - +2 dagger
rCold  . . .     Clarity  .     c - +0 robe
rNeg   . . .     SustAt   .     (shield restricted)
rPois  .         Gourm    .     (helmet restricted)
rElec  .         Spirit   .     d - +0 cloak
rCorr  .         Warding  .     (gloves unavailable)
rMut   .         NoTele   +     (boots unavailable)
MR     +....                    (no amulet)
Stlth  ..........               (no ring)
                                (no ring)

@: berserking (expiring), very quick, somewhat resistant to hostile
enchantments, extremely unstealthy
A: unfitting armour, see invisible, herbivore 3, speed 3, slow metabolism 2,
subdued magic 1
a: Berserk, Trog's Hand, Brothers in Arms, Burn Spellbooks, Renounce Religion


You were in the Dungeon.
You worshipped Trog.
Trog was greatly pleased with you.
You were not hungry.

You visited 1 branch You collected 38 gold pieces.

Inventory:

Hand Weapons
 a - a +2 dagger (weapon)
 b - a +0 blowgun
Missiles
 e - 8 poisoned needles
 f - 2 curare-tipped needles
 w - 3 tomahawks of dispersal (quivered)
Armour
 c - a +0 robe (worn)
 d - a +0 cloak (worn)
Wands
 n - a wand of hasting (4)
Scrolls
 m - a scroll of blinking
 p - a scroll of torment {unknown}
 q - 4 scrolls of identify
 r - a scroll of remove curse {unknown}
 t - a scroll of immolation {unknown}
Potions
 h - 2 potions of curing
 i - a potion of heal wounds
 j - 2 potions of haste
 k - 2 potions of magic
 l - 2 potions of berserk rage {!q}
 o - a potion of might
 s - 3 potions of cure mutation {!q}
Comestibles
 g - 2 bread rations
 v - a royal jelly


   Skills:
 + Level 5.9 Fighting
 + Level 7.8 Short Blades
 * Level 15.7 Throwing
 - Level 1.5 Dodging
 + Level 17.5 Stealth


You had 8 spell levels left.
You didn't know any spells.

Dungeon Overview and Level Annotations

Branches:
Dungeon (1/1)

Altars:
Cheibriados
Dithmenos
Elyvilon
Fedhas
Gozag
Kikubaaqudgha
Makhleb
Nemelex Xobeh
Okawaru
Qazlal
Ru
Sif Muna
Trog
Vehumet
Xom
Yredelemnul
Zin
The Shining One
Jiyva
Lugonu

Annotations:
D Edmund, Sigmund


Innate Abilities, Weirdness & Mutations

You are tiny and cannot use many weapons and most armour.
You have supernaturally acute eyesight.
You are a herbivore.
You cover ground extremely quickly.
You need consume almost no food.
Your spells are a little easier to cast, but a little less powerful.


Message History

You hit Sigmund.
Sigmund is severely wounded.
Edmund hits you with a great mace of freezing.
* * * LOW HITPOINT WARNING * * *
Edmund freezes you.
* * * LOW HITPOINT WARNING * * *
Sigmund closely misses you.
You completely miss Sigmund.
Sigmund is severely wounded.
You puncture Sigmund!
Sigmund is severely wounded.
You barely miss Sigmund.
Sigmund is severely wounded.
You barely miss Sigmund.
Sigmund is severely wounded.
Edmund misses you.
Sigmund points at you and mumbles some strange words.
The bolt of fire hits you!
Ouch! That really hurt!
You die...

.#§#≈§§#§#.#(..##.#.#.##
.'.#§§§#.#.#)).#.#.#.#.#
.#.#..§#...#...##.#.#.#
▓▓▓▓▓▓▓▓▓▓▓▓▓▓▓#.#.#.#
##.#.#.# +.#.#.#.#
##.#.#.## ##'##### #@..+
#@@.# #...# #####


You could see Edmund and Sigmund.

Vanquished Creatures
  Snorg (D)
  A centaur warrior (D)
  An unseen horror (D)
  A deep elf priest (D)
  A shadow (D)
  2 centaurs (D)
  An earth elemental (D)
  A necrophage (D)
  A water elemental (D)
  A wizard (D)
  A jelly (D)
  Crazy Yiuf (D)
  A necromancer (D)
  3 humans (D)
  A kobold demonologist (D)
  2 oozes (D)
  2 rats (D)
22 creatures vanquished.

Vanquished Creatures (others)
  2 draconian scorchers (D)
  A yaktaur (D)
  A plant (D)
4 creatures vanquished.

Grand Total: 26 creatures vanquished

Notes
Turn   | Place    | Note
--------------------------------------------------------------
     0 | D        | mopl the Spriggan Assassin began the quest for the Orb.
     0 | D        | Reached XP level 1. HP: 10/10 MP: 2/2
     4 | D        | Reached skill level 3 in Throwing
     4 | D        | Reached skill level 6 in Stealth
     8 | D        | Reached skill level 4 in Throwing
     8 | D        | Reached XP level 2. HP: 14/14 MP: 3/3
    16 | D        | Reached skill level 7 in Stealth
    33 | D        | Reached skill level 5 in Throwing
    33 | D        | Reached XP level 3. HP: 18/18 MP: 4/4
    35 | D        | Noticed Crazy Yiuf
    38 | D        | Noticed a water elemental
    41 | D        | Killed a water elemental
    41 | D        | Reached skill level 7 in Throwing
    41 | D        | Reached skill level 9 in Stealth
    41 | D        | Reached XP level 4. HP: 22/22 MP: 5/5
    51 | D        | Killed Crazy Yiuf
    51 | D        | Reached skill level 10 in Stealth
    66 | D        | Gained mutation: You have an increased reservoir of magic (+10% MP). [potion of mutation]
    66 | D        | Gained mutation: You occasionally shout uncontrollably at your foes. [potion of mutation]
    66 | D        | Gained mutation: Your muscles are strong. (Str +2) [potion of mutation]
    68 | D        | Gained mutation: You are partially covered in rough black scales (AC +4, Dex -1). [potion of mutation]
    68 | D        | Gained mutation: Your muscles are very strong. (Str +4) [potion of mutation]
    69 | D        | Lost mutation: You occasionally shout uncontrollably at your foes. [potion of cure mutation]
    69 | D        | Lost mutation: You have an increased reservoir of magic (+10% MP). [potion of cure mutation]
    69 | D        | Lost mutation: Your muscles are very strong. (Str +4) [potion of cure mutation]
    69 | D        | Lost mutation: Your muscles are strong. (Str +2) [potion of cure mutation]
    69 | D        | Lost mutation: You are partially covered in rough black scales (AC +4, Dex -1). [potion of cure mutation]
    90 | D        | Found an iron altar of Okawaru.
    91 | D        | Found a bloodstained altar of Trog.
    91 | D        | Noticed a human
    91 | D        | Noticed a human
    93 | D        | Killed a human
    93 | D        | Reached skill level 10 in Throwing
    93 | D        | Reached skill level 12 in Stealth
    93 | D        | Reached XP level 5. HP: 25/25 MP: 6/6
    94 | D        | Killed a human
    94 | D        | Reached skill level 11 in Throwing
    94 | D        | Reached skill level 13 in Stealth
    94 | D        | Reached XP level 6. HP: 30/30 MP: 7/7
    96 | D        | Became a worshipper of Trog the Wrathful
   108 | D        | Found a radiant altar of Vehumet.
   108 | D        | Found a deep blue altar of Sif Muna.
   108 | D        | Found an ancient bone altar of Kikubaaqudgha.
   108 | D        | Noticed a wizard
   110 | D        | Killed a wizard
   112 | D        | Noticed a neqoxec
   113 | D        | Reached * piety under Trog
   119 | D        | Gained mutation: Your spells are a little easier to cast, but a little less powerful. [a neqoxec]
   124 | D        | Reached ** piety under Trog
   134 | D        | Killed a yaktaur
   273 | D        | Killed a white draconian scorcher
   359 | D        | Killed a white draconian scorcher
   440 | D        | Found a glowing silver altar of Zin.
   441 | D        | Found a glowing golden altar of the Shining One.
   441 | D        | Found a white marble altar of Elyvilon.
   441 | D        | Noticed a deep elf priest
   443 | D        | Killed a deep elf priest
   443 | D        | Reached skill level 12 in Throwing
   443 | D        | Reached skill level 14 in Stealth
   443 | D        | Reached XP level 7. HP: 33/33 MP: 8/8
   453 | D        | Found a basalt altar of Yredelemnul.
   453 | D        | Found a snail-covered altar of Cheibriados.
   453 | D        | Found a blossoming altar of Fedhas.
   453 | D        | Noticed a necrophage
   453 | D        | Noticed a necromancer
   455 | D        | Killed a necrophage
   455 | D        | Reached skill level 13 in Throwing
   456 | D        | Killed a necromancer
   456 | D        | Reached skill level 15 in Stealth
   464 | D        | Noticed a jelly
   465 | D        | Noticed a shadow
   467 | D        | Killed a shadow
   467 | D        | Reached skill level 2 in Fighting
   471 | D        | Killed a jelly
   471 | D        | Reached *** piety under Trog
   471 | D        | Received a gift from Trog
   471 | D        | Reached skill level 3 in Short Blades
   477 | D        | Found a stormy altar of Qazlal.
   478 | D        | Found a sacrificial altar of Ru.
   478 | D        | Found a burning altar of Makhleb.
   478 | D        | Found a viscous altar of Jiyva.
   478 | D        | Found a shimmering altar of Xom.
   478 | D        | Found a shadowy altar of Dithmenos.
   478 | D        | Found a sparkling altar of Nemelex Xobeh.
   478 | D        | Found a corrupted altar of Lugonu.
   478 | D        | Found an opulent altar of Gozag.
   478 | D        | Noticed a spatial vortex
   487 | D        | Noticed Snorg
   495 | D        | Killed Snorg
   495 | D        | Reached skill level 4 in Fighting
   495 | D        | Reached skill level 5 in Short Blades
   495 | D        | Reached skill level 14 in Throwing
   495 | D        | Reached skill level 16 in Stealth
   495 | D        | Reached XP level 8. HP: 17/42 MP: 9/9
   762 | D        | Noticed an earth elemental
   786 | D        | Killed an earth elemental
  1085 | D        | Noticed a centaur
  1085 | D        | Noticed a centaur warrior
  1085 | D        | Noticed a centaur
  1087 | D        | Killed a centaur
  1098 | D        | Killed a centaur warrior
  1098 | D        | Reached skill level 5 in Fighting
  1098 | D        | Reached skill level 7 in Short Blades
  1098 | D        | Reached skill level 15 in Throwing
  1098 | D        | Reached skill level 17 in Stealth
  1098 | D        | Reached XP level 9. HP: 15/47 MP: 10/10
  1105 | D        | Killed a centaur
  1105 | D        | Received a gift from Trog
  1424 | D        | Noticed an unseen horror
  1426 | D        | Killed an unseen horror
  1426 | D        | Reached **** piety under Trog
  1429 | D        | Noticed Sigmund
  1429 | D        | Noticed Edmund
  1451 | D        | Killed from afar by Sigmund

Action                   |  1- 3 |  4- 6 |  7- 9 || total
-------------------------+-------+-------+-------++-------
Melee: Dagger            |     9 |    12 |    65 ||    86
 Fire: Blowgun           |       |       |     2 ||     2
Invok: Berserk           |       |     1 |     4 ||     5
       Burn Spellbooks   |       |     1 |       ||     1
  Use: Potion            |       |     3 |       ||     3
 Stab: Sleeping          |     4 |     5 |     7 ||    16
  Eat: Fruit             |       |       |     4 ||     4
